 Dungeon Crawl Stone Soup version 0.27-a0-1528-g90fbb72469 (webtiles) character file.

Game seed: 16473254772818656414

189 Conn the Firebug (level 5, 0/32 HPs)
             Began as an Octopode Fire Elementalist on July 11, 2021.
             Slain by a centaur skeleton (2 damage)
             ... on level 4 of the Dungeon.
             The game lasted 00:05:47 (3474 turns).

Conn the Firebug (Octopode Fire Elementalist)       Turns: 3474, Time: 00:05:48

Health: 0/32       AC:  1    Str:  6 (8)  XL:     5   Next: 68%
Magic:  1/9        EV: 13    Int: 15 (18) God:
Gold:   53         SH:  0    Dex: 11 (12) Spells: 3/10 levels left

rFire    + . .     SeeInvis .   c - +0 short sword
rCold    . . .     Faith    .   (no shield)
rNeg     . . .     Spirit   .   (helmet restricted)
rPois    .         Reflect  .   (no amulet)
rElec    .         Harm     .   j - ring of protection from fire
rCorr    .         Rampage  .   (no ring)
Will     .....                  (no ring)
Stlth    +++.......             (no ring)
HPRegen  0.10/turn              (no ring)
MPRegen  0.11/turn              (no ring)
                                (no ring)
                                (no ring)

@: no status effects
A: almost no armour, amphibious, 8 rings, camouflage 1, gelatinous body 1,
(nimble swimmer 1), tentacles
a: no special abilities


You were on level 4 of the Dungeon.
You visited 1 branch of the dungeon, and saw 4 of its levels.

You collected 53 gold pieces.

Inventory:

Hand Weapons
 c - a +0 short sword (weapon)
Jewellery
 j - a ring of protection from fire (left tentacle)
Scrolls
 a - 2 scrolls of noise {unknown}
 d - 3 scrolls of enchant armour {unknown}
 h - 3 scrolls of identify {unknown}
 l - a scroll of teleportation {unknown}
Potions
 b - a potion of might {unknown}
 e - a potion of lignification {unknown}
 f - a potion of curing {unknown}
 g - a potion of degeneration
 i - a potion of flight {unknown}
 k - a potion of cancellation {unknown}


   Skills:
 + Level 0.3 Fighting
 + Level 1.3 Short Blades
 + Level 2.1 Dodging
 + Level 3.4 Stealth
 + Level 3.0 Spellcasting
 * Level 2.2 Conjurations
 * Level 4.4 Fire Magic


You had 3 spell levels left.
You knew the following spells:

 Your Spells              Type           Power      Damage    Failure   Level
a - Foxfire               Conj/Fire      48%        2x1d6     4%          1
b - Conjure Flame         Conj/Fire      12%        6-21      16%         3
c - Inner Flame           Hex/Fire       8%         N/A       24%         3

Your spell library contained the following spells:

 Spells                   Type           Power      Damage    Failure   Level
 Summon Small Mammal      Summ           8%         N/A       21%         1
 Call Canine Familiar     Summ           2%         N/A       52%         3
 Summon Guardian Golem    Hex/Summ       2%         N/A       52%         3
 Sticky Flame             Conj/Fire      12%        2d4       45%         4
 Fireball                 Conj/Fire      6%         3d5       80%         5


Dungeon Overview and Level Annotations

Branches:
Dungeon (4/15)
 Temple: D:4-7

Altars:


Innate Abilities, Weirdness & Mutations

You cannot wear most types of armour.
You are amphibious.
You can wear up to eight rings at the same time.
Your skin changes colour to match your surroundings (Stealth+).
Your rubbery body absorbs attacks. (AC +1, EV +1)
((You are camouflaged near water. (Stealth+)))
You have tentacles for arms and can constrict up to eight enemies at once.


Message History

The centaur skeleton kicks you.
Casting: Foxfire (safe; 4% risk of failure)
Confirm with . or Enter, or press ? or * to list all spells.
You conjure some foxfire!
The centaur skeleton barely misses you.
The centaur skeleton kicks you but does no damage.
The foxfire hits the centaur skeleton.
The centaur skeleton is moderately damaged.
The foxfire hits the centaur skeleton.
The centaur skeleton is heavily damaged.
The centaur skeleton barely misses you.
The centaur skeleton closely misses you. x2
The centaur skeleton kicks you.
You hit the centaur skeleton.
The centaur skeleton is severely damaged.
The centaur skeleton hits you.
The centaur skeleton closely misses you.
You hit the centaur skeleton.
The centaur skeleton is severely damaged.
The centaur skeleton hits you.
* * * LOW HITPOINT WARNING * * *
The centaur skeleton kicks you.
* * * LOW HITPOINT WARNING * * *
The centaur skeleton barely misses you. The centaur skeleton kicks you.
* * * LOW HITPOINT WARNING * * *
The centaur skeleton misses you. x2
Things that are here:
a +0 dagger; a +0 robe; a +2 whip of pain The centaur skeleton hits you.
* * * LOW HITPOINT WARNING * * *
The centaur skeleton kicks you but does no damage.
Okay, then.
It was a potion of degeneration.
There was something very wrong with that liquid.
You feel weakened.
You feel dopey.
You feel clumsy. The centaur skeleton barely misses you.
The centaur skeleton kicks you but does no damage.
The centaur skeleton hits you.
* * * LOW HITPOINT WARNING * * *
The centaur skeleton kicks you.
You die...

.......#....<.............#
..##........>...>........#
...........##............#
.........................
##...................#
#.†..#....[........)#
....####.........##)###
......#..........#....##
................@##....###
......##.........Z.......##
.....####....#......##....#
..#..........#.#†#.##....##
.####..#......##.........#
.# #.###.....##.....##### .
#.......#####.#..#
#.......# ###.## ........#
###


You could see a centaur skeleton.

Vanquished Creatures
  A hound (D:4)
  An orc wizard (D:4)
  Natasha (twice) (D:2)
  2 adders
  An adder skeleton (D:4)
  2 dart slugs (D:2)
  5 orcs
  4 bats
  4 endoplasms
  3 giant cockroaches
  5 goblins
  4 hobgoblins
  2 jackals (D:4)
  2 quokkas
  4 ball pythons
  3 frilled lizards
  5 kobolds
  7 rats
57 creatures vanquished.

Vanquished Creatures (others)
  164 foxfires
164 creatures vanquished.

Grand Total: 221 creatures vanquished

Notes
Turn   | Place    | Note
-------+----------+-------------------------------------------
     0 | D:1      | Conn the Octopode Fire Elementalist began the quest for the
                  | Orb.
     0 | D:1      | Reached XP level 1. HP: 11/11 MP: 3/3
   206 | D:1      | Reached XP level 2. HP: 3/17 MP: 1/5
   495 | D:1      | Found a faded altar of an unknown god.
  1162 | D:2      | Reached XP level 3. HP: 20/21 MP: 6/6
  1577 | D:2      | Noticed Natasha
  1588 | D:2      | Killed Natasha
  1589 | D:2      | Reached skill level 4 in Fire Magic
  1667 | D:2      | Reached XP level 4. HP: 21/27 MP: 1/7
  2142 | D:2      | Noticed Natasha
  2151 | D:2      | Killed Natasha
  2152 | D:2      | Reached skill level 1 in Short Blades
  3060 | D:4      | Noticed an ogre
  3067 | D:3      | Learned a level 3 spell: Conjure Flame
  3071 | D:3      | Learned a level 3 spell: Inner Flame
  3260 | D:4      | Reached XP level 5. HP: 21/31 MP: 3/9
  3474 | D:4      | Slain by a centaur skeleton

Illustrated notes

Levels and vault maps discovered:
D:1:      onia_arrival_handbag, layout_loops_ring,
          ebering_ecumenical_altar_rust, bh_walls_and_bars
D:2:      layout_basic, uniq_natasha
D:3:      layout_basic
D:4:      layout_cave_pools, mainiacjoe_overflow_small_starburst

Skill      XL: |  1  2  3  4  5 |
---------------+----------------+-----
Stealth        | 3 |  3.4
Fire Magic     | 4 |  4.4
Short Blades   | 1 |  1.3
Conjurations   | 2 |  2.2
Spellcasting   | 3 |  3.0
Fighting       | |  0.3
Dodging        | |  2.1

Action                   |  1- 3 |  4- 6 || total
-------------------------+-------+-------++-------
Melee: Unarmed           |     7 |       ||     7
       Constrict         |     4 |     2 ||     6
       Short sword       |    12 |    15 ||    27
       Tentacles         |       |     1 ||     1
 Cast: Foxfire           |    34 |    61 ||    95
       Conjure Flame     |       |     2 ||     2
  Use: Potion            |     1 |     1 ||     2
 Stab: Sleeping          |     1 |     3 ||     4
Armor: Skin              |       |     4 ||     4
Dodge: Dodged            |    15 |    25 ||    40

Table legend: (Time is in decaauts)
 A = Elapsed time spent in this place.
 B = Non-inter-level travel time spent in this place.
 C = Inter-level travel time spent in this place.
 D = Time resting spent in this place.
 E = Time spent auto-exploring this place.
 F = Levels seen in this place.
 G = Mean time per level.
                   A        B        C        D        E       F      G
               +--------+--------+--------+--------+--------+-----+--------+
         Total |   3480 |   3426 |     54 |    215 |   2510 |   4 |  870.0 |
       Dungeon |   3480 |   3426 |     54 |    215 |   2510 |   4 |  870.0 |
               +--------+--------+--------+--------+--------+-----+--------+

Top non-repeatable levels by time:
     D:2: 1186 daAuts
     D:1: 1151 daAuts
     D:3: 834 daAuts
     D:4: 308 daAuts
